 Dungeon Crawl Stone Soup version 0.30-a0-728-gc68057be0a (webtiles) character file.

Game seed: 4960907492381381642

12303 Crownlay the Frost Mage (level 11, 0/126 HPs)
             Began as a Gnoll Ice Elementalist on Jan 31, 2023.
             Was a Priest of Uskayaw.
             Killed from afar by a rime drake (9 damage)
             ... with an icy flash freeze
             ... on level 11 of the Dungeon.
             The game lasted 00:34:57 (12300 turns).

Crownlay the Frost Mage (Gnoll Ice Elementalist)   Turns: 12300, Time: 00:34:57

Health: 0/126      AC: 33    Str:  9    XL:     11   Next: 91%
Magic:  7/23       EV:  2    Int: 18    God:    Uskayaw [***...]
Gold:   747        SH:  0    Dex: 16    Spells: 8/27 levels left

rFire   . . .      SeeInvis .    a - +9 glaive (protect)
rCold   . . .      Faith    +    (shield currently unavailable)
rNeg    . . .      Spirit   .    (body armour currently unavailable)
rPois   +          Reflect  .    (helmet currently unavailable)
rElec   .          Harm     .    (cloak currently unavailable)
rCorr   .          Rampage  .    (gloves currently unavailable)
Will    .....      NoTele   +    (boots currently unavailable)
Stlth   ++++                     v - amulet of faith
HPRegen 0.41/turn                x - +4 ring of slaying
MPRegen 0.18/turn                B - +6 ring of dexterity

@: ice-armoured, tree-form, freezing walls, invisible
A: stationary, stasis, torment immunity, boosted hp, (fangs 1), strong nose,
distributed training, (iridescent scales 1), clumsy 1
a: Renounce Religion, Stomp, Line Pass


You were on level 11 of the Dungeon.
You worshipped Uskayaw.
Uskayaw was noncommittal.
You were a tree.
You visited 1 branch of the dungeon, and saw 11 of its levels.
You also visited: Sewer.

You collected 747 gold pieces.

Inventory:

Hand Weapons
 a - a +9 glaive of protection (weapon)
 f - a +0 dagger
Armour
 d - +0 steam dragon scales (melded)
 u - a +0 cloak (melded)
 A - a +0 kite shield
 E - a +0 pair of gloves (melded)
 H - a +0 helmet (melded)
Jewellery
 v - an amulet of faith (around neck)
 x - a +4 ring of slaying (left branch)
 B - a +6 ring of dexterity (right branch)
 F - a ring of willpower
 L - a ring of protection from cold
Wands
 q - a wand of iceblast (6)
 C - a wand of flame (25)
 D - a wand of mindburst (18)
Scrolls
 c - 2 scrolls of acquirement
 g - 2 scrolls of torment
 i - 4 scrolls of fog
 j - 2 scrolls of summoning
 l - 2 scrolls of fear
 m - 8 scrolls of teleportation
 n - 4 scrolls of noise
 p - a scroll of immolation {unknown}
 r - 5 scrolls of blinking
 t - 4 scrolls of magic mapping
 y - a scroll of vulnerability {unknown}
 z - 2 scrolls of amnesia {unknown}
 G - a scroll of poison {unknown}
 J - a scroll of enchant weapon
Potions
 b - a potion of magic
 e - a potion of cancellation {unknown}
 h - a potion of invisibility
 k - 3 potions of curing
 o - a potion of haste
 s - a potion of mutation
 w - a potion of degeneration {unknown}
 I - a potion of might {unknown}
 K - a potion of lignification


   Skills:
 + Level 7.0 Fighting
 + Level 7.0 Short Blades
 + Level 7.0 Long Blades
 + Level 7.0 Axes
 + Level 7.0 Maces & Flails
 + Level 7.0 Polearms
 + Level 7.0 Staves
 + Level 7.0 Ranged Weapons
 + Level 7.0 Throwing
 + Level 7.0 Armour
 + Level 8.4 Dodging
 + Level 8.2 Stealth
 + Level 7.0 Shields
 + Level 7.0 Unarmed Combat
 + Level 8.7 Spellcasting
 + Level 5.8 Conjurations
 + Level 5.8 Hexes
 + Level 5.8 Summonings
 + Level 5.8 Necromancy
 + Level 5.8 Translocations
 + Level 5.8 Transmutations
 + Level 5.8 Fire Magic
 + Level 9.3 Ice Magic
 + Level 5.8 Air Magic
 + Level 5.8 Earth Magic
 + Level 5.8 Poison Magic
 + Level 7.6 Invocations
 + Level 7.0 Evocations


You had 8 spell levels left.
You knew the following spells:

 Your Spells              Type           Power      Damage    Failure   Level
a - Freeze                Ice            100%       1d10      1%          1
b - Frozen Ramparts       Ice            82%        1d13      1%          3
c - Ozocubu's Armour      Ice            41%        N/A       1%          3
d - Ensorcelled Hibernat  Hex/Ice        70%        N/A       1%          2
e - Dazzling Flash        Conj/Hex       56%        N/A       2%          3
f - Tukima's Dance        Hex            28%        N/A       2%          3
g - Summon Ice Beast      Ice/Summ       35%        N/A       4%          4

Your spell library contained the following spells:

 Spells                   Type           Power      Damage    Failure   Level
 Apportation              Tloc           56%        N/A       1%          1
 Shock                    Conj/Air       100%       1d9       1%          1
 Call Canine Familiar     Summ           28%        N/A       2%          3
 Ignite Poison            Fire/Tmut/Pois 28%        N/A       2%          3
 Portal Projectile        Hex/Tloc       56%        N/A       2%          3
 Spider Form              Tmut/Pois      28%        N/A       2%          3
 Swiftness                Air            28%        N/A       2%          3
 Airstrike                Air            14%        2d(2-18)  9%          4
 Anguish                  Hex/Necr       14%        N/A       9%          4
 Leda's Liquefaction      Hex/Erth       14%        N/A       9%          4
 Sticky Flame             Conj/Fire      28%        2d5       9%          4
 Alistair's Intoxication  Tmut/Pois      18%        N/A       22%         5
 Conjure Ball Lightning   Conj/Air       14%        3x3d6     77%         6
 Discord                  Hex            14%        N/A       100%        8
 Disjunction              Tloc           14%        N/A       100%        8
 Ignition                 Fire           14%        3d6       100%        8


Dungeon Overview and Level Annotations

Branches:
Dungeon (11/15)            Temple (0/1) D:6            Lair (0/5) D:9
  Sewer (visited)
    Orc: D:9-12

Altars:
Hepliaklqana
Nemelex Xobeh
Uskayaw
Yredelemnul

Shops:
D:4 (


Innate Abilities, Weirdness & Mutations

You are a tree.
Your roots penetrate the ground, keeping you stationary.
You cannot be teleported.
You are immune to unholy pain and torment.
Your maximum health is greatly increased.
Your equipment is partially melded.
((You have very sharp teeth.))
Your uncanny sense of smell can sniff out nearby items.
Your experience applies equally to all skills.
((You are partially covered in iridescent scales. (AC +2)))
You are clumsy. (Dex -2)


Message History

The rime drake resists.
The wall freezes the rime drake.
The rime drake bites you.
* * * LOW HITPOINT WARNING * * *
The rime drake resists.
The wall freezes the rime drake.
The rime drake closely misses you.
You can now pass through a line of other dancers.
It was a potion of mutation.
You feel extremely strange.
You feel clumsy.
Iridescent scales grow over part of your body.
The rime drake is no longer blind.
The wall freezes the troll!
The troll bites you.
* * * LOW HITPOINT WARNING * * *
The troll closely misses you. The troll barely misses you.
The rime drake resists.
The wall freezes the rime drake.
The rime drake closely misses you.
The rime drake resists.
The wall freezes the rime drake.
The rime drake misses you.
Okay, then.
It was a potion of lignification.
You turn into a tree.
Your +0 cloak melds into your body.
Your +0 helmet melds into your body.
Your +0 pair of gloves melds into your body.
Your +0 steam dragon scales melds into your body.
Your roots penetrate the ground.
The rime drake resists.
The wall freezes the rime drake.
The rime drake bites you but does no damage.
The wall freezes the troll!
The troll bites you!
* * * LOW HITPOINT WARNING * * *
The troll claws you but does no damage. x2; The rime drake resists.
The wall freezes the rime drake.
The rime drake bites you but does no damage.
Uskayaw will force your foes to helplessly watch your dance.
Okay, then.
Press: ? - help, v - describe, . - travel
Here: a rime drake (heavily wounded, catching its breath)
The floor.
You fade into invisibility!
The ice encasing you melts away.
The rime drake resists.
The wall freezes the rime drake.
The rime drake breathes ice at you. The icy flash freeze hits you!
You die...

*### ******
,..#********####*###*,,,,*
,...,,,,,,,,,..#*..,,,**,*
*#.#*********#.#*.#*,~,,,*
#.# ########.##T#≈#,,,,**
#.# #.........♣k≈#~,,*,,*
##.####.######.##k#≈...#~,*
.........# #.#*≈..,..#~,*
##..####.# #..,.....∩#~,*
.....# #.# ###...####*~,*
##...# #.# *.#..~~~~~**
#...# #.# *,##..,,,,*
##...# #.#******,**#.∆**,*
)).).# #..,∆,,,*,* **,,,,*


You could see a troll (unable to see you) and 2 rime drakes.

Vanquished Creatures
  A two-headed ogre (D:8)
  Amaemon (D:10)
  A skeletal warrior (D:7)
  An ugly thing (D:11)
  2 cyclopes (D:10)
  Maurice (D:9)
  An orange demon (D:10)
  Maggie (D:6)
  3 unseen horrors
  A kobold demonologist (D:11)
  A hornet (D:8)
  A slime creature (D:7)
  A shadow (D:8)
  3 wraiths
  5 yaks (D:10)
  A basilisk (D:10)
  2 steam dragons
  Menkaure (D:7)
  3 vampire mosquitoes (D:10)
  3 acid dragons
  A water moccasin (D:8)
  2 orc warriors
  2 black bears
  6 ice beasts
  A sky beast (D:8)
  An ogre (D:4)
  5 centaurs
  3 kobold brigands
  A bullfrog (D:9)
  2 necrophages
  2 gnoll sergeants
  10 wights
  10 killer bees (D:9)
  2 electric eels (D:6)
  5 howler monkeys
  4 hounds (D:5)
  2 quasits (Sewer)
  2 gnoll boudas
  7 orc priests
  5 jellies
  Crazy Yiuf (D:3)
  5 iguanas
  8 orc wizards
  Robin (D:2)
  17 gnolls
  A river rat (D:3)
  3 adders
  2 shadow imps (Sewer)
  5 ufetubi
  An adder skeleton (D:3)
  3 worms
  33 orcs
  18 ball pythons
  13 endoplasms
  5 giant cockroaches
  6 hobgoblins
  13 jackals
  25 kobolds
  4 quokkas
  6 bats
  3 frilled lizards
  15 goblins
  A quokka zombie (D:3)
  9 rats
305 creatures vanquished.

Vanquished Creatures (collateral kills)
  A wight (D:8)
  A kobold (D:8)
2 creatures vanquished.

Vanquished Creatures (others)
  A dancing weapon (D:8)
  A bat zombie (Sewer)
  An endoplasm (Sewer)
  A giant cockroach zombie (Sewer)
  35 plants (D:6)
39 creatures vanquished.

Grand Total: 346 creatures vanquished

Notes
Turn   | Place    | Note
-------+----------+-------------------------------------------
     0 | D:1      | Crownlay the Gnoll Ice Elementalist began the quest for the
                  | Orb.
     0 | D:1      | Reached XP level 1. HP: 13/13 MP: 6/6
   144 | D:1      | Reached XP level 2. HP: 19/19 MP: 7/7
   417 | D:1      | Reached skill level 5 in Spellcasting
   417 | D:1      | Reached XP level 3. HP: 25/25 MP: 7/9
   662 | D:1      | Reached skill level 1 in Invocations
   684 | D:1      | Learned a level 3 spell: Frozen Ramparts
   688 | D:1      | Learned a level 3 spell: Ozocubu's Armour
  1015 | D:2      | Noticed Robin
  1024 | D:2      | Reached skill level 1 in Fighting
  1024 | D:2      | Reached skill level 1 in Short Blades
  1024 | D:2      | Reached skill level 1 in Long Blades
  1024 | D:2      | Reached skill level 1 in Axes
  1024 | D:2      | Reached skill level 1 in Maces & Flails
  1024 | D:2      | Reached skill level 1 in Polearms
  1024 | D:2      | Reached skill level 1 in Staves
  1024 | D:2      | Reached skill level 1 in Ranged Weapons
  1024 | D:2      | Reached skill level 1 in Throwing
  1024 | D:2      | Reached skill level 1 in Armour
  1024 | D:2      | Reached skill level 1 in Shields
  1024 | D:2      | Reached skill level 1 in Unarmed Combat
  1024 | D:2      | Reached skill level 1 in Evocations
  1029 | D:2      | Killed Robin
  1030 | D:2      | Reached XP level 4. HP: 32/32 MP: 4/11
  1439 | D:2      | Got Sif Muna's Atlas of Battle Magic and the Sphinx
  1571 | D:2      | Reached skill level 1 in Conjurations
  1571 | D:2      | Reached skill level 1 in Hexes
  1571 | D:2      | Reached skill level 1 in Summonings
  1571 | D:2      | Reached skill level 1 in Necromancy
  1571 | D:2      | Reached skill level 1 in Translocations
  1571 | D:2      | Reached skill level 1 in Transmutations
  1571 | D:2      | Reached skill level 1 in Fire Magic
  1571 | D:2      | Reached skill level 1 in Air Magic
  1571 | D:2      | Reached skill level 1 in Earth Magic
  1571 | D:2      | Reached skill level 1 in Poison Magic
  2373 | D:3      | Found a faded altar of an unknown god.
  2389 | D:3      | Found a hide-covered altar of Uskayaw.
  2402 | D:3      | Became a worshipper of Uskayaw the Reveller
  2542 | D:3      | Reached * piety under Uskayaw
  2583 | D:3      | Found a runed translucent door.
  2584 | D:3      | Noticed Crazy Yiuf
  2623 | D:3      | Reached XP level 5. HP: 29/37 MP: 7/12
  2687 | D:3      | Reached ** piety under Uskayaw
  2693 | D:3      | Reached *** piety under Uskayaw
  2899 | D:3      | Found a glowing drain.
  2903 | Sewer    | Entered a sewer
  3329 | Sewer    | Found a burning altar of Makhleb.
  3392 | Sewer    | Noticed a kobold brigand
  3405 | Sewer    | Reached XP level 6. HP: 29/44 MP: 9/14
  3416 | Sewer    | Reached **** piety under Uskayaw
  3417 | Sewer    | Reached skill level 5 in Dodging
  3628 | Sewer    | Noticed Grinder
  3718 | Sewer    | Paralysed by Grinder for 4 turns
  4101 | D:3      | Learned a level 2 spell: Ensorcelled Hibernation
  4555 | D:3      | Killed Crazy Yiuf
  4678 | D:4      | Found Oroal's Antique Weapon Boutique.
  4796 | D:4      | Reached XP level 7. HP: 51/51 MP: 8/15
  5301 | D:4      | Reached skill level 5 in Stealth
  5349 | D:4      | Noticed a steam dragon
  5671 | D:5      | Entered Level 5 of the Dungeon
  5691 | D:5      | Reached XP level 8. HP: 41/58 MP: 9/16
  5698 | D:5      | Reached ***** piety under Uskayaw
  5707 | D:5      | Reached ****** piety under Uskayaw
  6767 | D:6      | Reached XP level 9. HP: 52/65 MP: 3/18
  7159 | D:6      | Learned a level 3 spell: Dazzling Flash
  7172 | D:6      | Reached skill level 8 in Ice Magic
  7189 | D:6      | Found a staircase to the Ecumenical Temple.
  7192 | D:6      | Noticed Maggie
  7220 | D:6      | Killed Maggie
  7850 | D:6      | Reached skill level 5 in Invocations
  8535 | D:7      | Noticed Menkaure
  8541 | D:7      | Noticed a skeletal warrior
  8543 | D:7      | Killed Menkaure
  8559 | D:7      | Killed a skeletal warrior
  8560 | D:7      | Reached skill level 5 in Fighting
  8560 | D:7      | Reached skill level 5 in Short Blades
  8560 | D:7      | Reached skill level 5 in Long Blades
  8560 | D:7      | Reached skill level 5 in Axes
  8560 | D:7      | Reached skill level 5 in Maces & Flails
  8560 | D:7      | Reached skill level 5 in Polearms
  8560 | D:7      | Reached skill level 5 in Staves
  8560 | D:7      | Reached skill level 5 in Ranged Weapons
  8560 | D:7      | Reached skill level 5 in Throwing
  8560 | D:7      | Reached skill level 5 in Armour
  8560 | D:7      | Reached skill level 5 in Shields
  8560 | D:7      | Reached skill level 5 in Unarmed Combat
  8560 | D:7      | Reached skill level 5 in Evocations
  8560 | D:7      | Reached XP level 10. HP: 8/74 MP: 16/20
  8899 | D:7      | Learned a level 3 spell: Tukima's Dance
  9069 | D:8      | Noticed a two-headed ogre
  9078 | D:8      | Killed a two-headed ogre
  9497 | D:8      | Found a basalt altar of Yredelemnul.
  9854 | D:8      | Found a hazy altar of Hepliaklqana.
  9912 | D:8      | Found a sparkling altar of Nemelex Xobeh.
 10125 | D:9      | Noticed Maurice
 10129 | D:9      | Killed Maurice
 10130 | D:9      | Reached skill level 5 in Conjurations
 10130 | D:9      | Reached skill level 5 in Hexes
 10130 | D:9      | Reached skill level 5 in Summonings
 10130 | D:9      | Reached skill level 5 in Necromancy
 10130 | D:9      | Reached skill level 5 in Translocations
 10130 | D:9      | Reached skill level 5 in Transmutations
 10130 | D:9      | Reached skill level 5 in Fire Magic
 10130 | D:9      | Reached skill level 5 in Air Magic
 10130 | D:9      | Reached skill level 5 in Earth Magic
 10130 | D:9      | Reached skill level 5 in Poison Magic
 10165 | D:9      | Reached XP level 11. HP: 19/81 MP: 16/22
 10533 | D:9      | Found a staircase to the Lair.
 10766 | D:9      | Learned a level 4 spell: Summon Ice Beast
 10982 | D:10     | Entered Level 10 of the Dungeon
 11057 | D:10     | Noticed Amaemon
 11068 | D:10     | Killed Amaemon
 11069 | D:10     | Reached skill level 9 in Ice Magic
 11678 | D:10     | Noticed a cyclops
 11681 | D:10     | Killed a cyclops
 11714 | D:10     | Noticed a cyclops
 11722 | D:10     | Killed a cyclops
 12215 | D:11     | Identified 2 scrolls of acquirement
 12236 | D:11     | Noticed a brown ugly thing
 12246 | D:11     | Killed a brown ugly thing
 12298 | D:11     | Gained mutation: You are clumsy. (Dex -2) [potion of
                  | mutation]
 12298 | D:11     | Gained mutation: You are partially covered in iridescent
                  | scales. (AC +2) [potion of mutation]
 12300 | D:11     | Killed from afar by a rime drake

Illustrated notes

Levels and vault maps discovered:
D:1:      dpeg_arrival_lava_temple_mockup, layout_loops_ring
D:2:      layout_basic, serial_corexii_hall, corexii_hall_statues_t,
          corexii_hall_statues_t, uniq_robin
D:3:      layout_loops_ring, mainiacjoe_overflow_boulevard, serial_undead,
          serial_undead_c, serial_undead_e, serial_undead_c, serial_undead_b,
          chequers_ecumenical_altar_simple_redux, gup_sewer_entry_spiral,
          grunt_ministairs_5, minivault_19, kennysheep_orc_chapel,
          uniq_crazy_yiuf_cottage
D:4:      minmay_chambers_of_fours, layout_basic, serial_shops, shop_fountains
D:5:      layout_cave_pools
D:6:      layout_basic, minmay_temple_entry_ruins, serial_bayou_lake_a,
          uniq_maggie
D:7:      layout_basic, minmay_three_doors, uniq_menkaure
D:8:      layout_rooms, mainiacjoe_overflow_brackets,
          mainiacjoe_overflow_six_doors_small, nemelex_xobeh_ov_fountains_minmay
D:9:      layout_roguey, dpeg_oklobed_lair, uniq_maurice
D:10:     minmay_bloctagon_deflated, layout_small_grid, hex_large, uniq_amaemon
D:11:     layout_loops_ring, portal_ice_cave_rime, slow_altar_2, uniq_psyche,
          uniq_fannar

Skill      XL: |  1  2  3  4  5  6  7  8  9 10 11 |
---------------+----------------------------------+-----
Spellcasting   | 5 6 7 8 |  8.7
Invocations    | 1 2 3 4 5 6 7 |  7.6
Fighting       | 1 2 3 5 6 7 |  7.0
Short Blades   | 1 2 3 5 6 7 |  7.0
Long Blades    | 1 2 3 5 6 7 |  7.0
Axes           | 1 2 3 5 6 7 |  7.0
Maces & Flails | 1 2 3 5 6 7 |  7.0
Polearms       | 1 2 3 5 6 7 |  7.0
Staves         | 1 2 3 5 6 7 |  7.0
Ranged Weapons | 1 2 3 5 6 7 |  7.0
Throwing       | 1 2 3 5 6 7 |  7.0
Armour         | 1 2 3 5 6 7 |  7.0
Shields        | 1 2 3 5 6 7 |  7.0
Unarmed Combat | 1 2 3 5 6 7 |  7.0
Evocations     | 1 2 3 5 6 7 |  7.0
Conjurations   | 1 2 3 4 5 |  5.8
Hexes          | 1 2 3 4 5 |  5.8
Summonings     | 1 2 3 4 5 |  5.8
Necromancy     | 1 2 3 4 5 |  5.8
Translocations | 1 2 3 4 5 |  5.8
Transmutations | 1 2 3 4 5 |  5.8
Fire Magic     | 1 2 3 4 5 |  5.8
Air Magic      | 1 2 3 4 5 |  5.8
Earth Magic    | 1 2 3 4 5 |  5.8
Poison Magic   | 1 2 3 4 5 |  5.8
Dodging        | 5 6 7 8 |  8.4
Stealth        | 5 6 7 8 |  8.2
Ice Magic      | 8 9 |  9.3

Action                     |  1- 3 |  4- 6 |  7- 9 | 10-12 || total
---------------------------+-------+-------+-------+-------++-------
  Melee: Dagger            |       |   131 |    97 |       ||   228
         Bite              |       |    10 |    21 |    20 ||    51
         Punch             |       |     2 |     5 |       ||     7
         Glaive            |       |       |    59 |   166 ||   225
   Fire: Sling             |   119 |    93 |    48 |       ||   260
   Cast: Freeze            |     6 |       |       |       ||     6
         Frozen Ramparts   |     1 |    39 |    37 |    28 ||   105
         Ozocubu's Armour  |     1 |    17 |    21 |    23 ||    62
         Ensorcelled Hiber |       |       |     7 |       ||     7
         Dazzling Flash    |       |       |     2 |     1 ||     3
         Tukima's Dance    |       |       |       |     7 ||     7
         Summon Ice Beast  |       |       |       |     1 ||     1
 Invoke: Stomp             |       |       |     2 |       ||     2
         Line Pass         |       |       |     1 |       ||     1
  Evoke: Wand              |       |       |       |     3 ||     3
    Use: Scroll            |     1 |     1 |     5 |     9 ||    16
         Potion            |       |     4 |     2 |     4 ||    10
   Stab: Sleeping          |       |     4 |     5 |     8 ||    17
         Paralysed         |       |     2 |    13 |    22 ||    37
         Invisible         |       |     1 |     1 |       ||     2
 Armour: Robe              |    14 |    51 |    31 |       ||    96
         Steam dragon scal |       |       |    29 |    80 ||   109
         Skin              |       |       |       |     4 ||     4
  Dodge: Dodged            |    48 |   143 |   122 |   124 ||   437

Table legend: (Time is in decaauts)
 A = Elapsed time spent in this place.
 B = Non-inter-level travel time spent in this place.
 C = Inter-level travel time spent in this place.
 D = Time resting spent in this place.
 E = Time spent auto-exploring this place.
 F = Levels seen in this place.
 G = Mean time per level.
                   A        B        C        D        E       F      G
               +--------+--------+--------+--------+--------+-----+--------+
         Total |  12481 |  12010 |    471 |    717 |   8448 |  12 | 1040.1 |
       Dungeon |  11488 |  11017 |    471 |    500 |   8097 |  11 | 1044.4 |
         Sewer |    993 |    993 |      0 |    217 |    351 |   1 |  993.0 |
               +--------+--------+--------+--------+--------+-----+--------+

Top non-repeatable levels by time:
     D:6: 1452 daAuts
     D:2: 1414 daAuts
     D:3: 1333 daAuts
    D:10: 1226 daAuts
     D:4: 1210 daAuts
   Sewer: 993 daAuts
     D:8: 983 daAuts
     D:1: 979 daAuts
     D:9: 969 daAuts
     D:7: 953 daAuts
     D:5: 844 daAuts
    D:11: 119 daAuts
